 Dungeon Crawl Stone Soup version 0.24.0-123-gd5b16e6ec5 (webtiles) character file.

Game seed: 17760718704305707374, levelgen mode: deterministic

20947 Amplified the Fighter (level 12, 0/99 HPs)
             Began as a Demonspawn Wanderer on Feb 5, 2020.
             Was a High Priest of Wu Jian.
             Incinerated by a red very ugly thing (5 damage)
             ... on level 2 of the Abyss.
             The game lasted 00:18:47 (11384 turns).

Amplified the Fighter (Demonspawn Wanderer)        Turns: 11384, Time: 00:18:47

Health: 0/99       AC: 16    Str: 20    XL:     12   Next: 49%
Magic:  0/12       EV: 20    Int: 14    God:    Wu Jian [*****.]
Gold:   1372       SH:  0    Dex: 14    Spells: 4/11 levels left

rFire    . . .     SeeInvis +   c - +3 quarterstaff "Reompe" {venom, Str+4} (curse)
rCold    . . .     Gourm    .   (shield currently unavailable)
rNeg     . . .     Faith    .   o - +0 ring mail "Petourph" {Slay+6}
rPois    .         Spirit   +   j - +1 hat
rElec    .         Reflect  .   z - +2 cloak
rCorr    .         Harm     .   d - +2 pair of gloves
MR       .....                  (no boots)
Stlth    ..........             i - amulet of guardian spirit
HPRegen  0.26/turn              C - +5 ring of evasion
MPRegen  0.13/turn              h - ring of see invisible

@: confused, liquid flames, about to teleport, glowing, heavenly storm
A: horns 1, molten scales 1, foul stench 2, powered by death 2, rot immunity
a: Wall Jump, Serpent's Lash, Heavenly Storm, Renounce Religion


You were on level 2 of the Abyss.
You worshipped Wu Jian.
Wu Jian was extremely pleased with you.
You were hungry.

You visited 1 branch of the dungeon, and saw 13 of its levels.
You visited the Abyss 1 time.
You also visited: Bailey.

You collected 1372 gold pieces.

Inventory:

Hand Weapons
 c - the cursed +3 quarterstaff "Reompe" (weapon) {venom, Str+4}
   (You found it in a bailey)

   It poisons the flesh of those it strikes.
   It affects your strength (+4).
   It has a curse placed upon it.
 D - a +0 quarterstaff of crushing
Missiles
 a - 5 throwing nets
 m - 22 poisoned darts (quivered)
 A - a curare-tipped dart
Armour
 d - a +2 pair of gloves (worn)
 j - a +1 hat (worn)
 n - a +0 leather armour of magic resistance
 o - the +0 ring mail "Petourph" (worn) {Slay+6}
   (You found it on level 4 of the Dungeon)

   It affects your accuracy and damage with ranged weapons and melee attacks
   (+6).
 z - a +2 cloak (worn)
Jewellery
 h - a ring of see invisible (right hand)
 i - an amulet of guardian spirit (around neck)
 B - an uncursed ring of resist corrosion
 C - a +5 ring of evasion (left hand)
Wands
 b - a wand of flame (24)
Scrolls
 k - 4 scrolls of amnesia
 p - a scroll of identify
 q - 2 scrolls of teleportation
 r - 9 scrolls of remove curse
 t - 2 scrolls of enchant armour
 u - 3 scrolls of magic mapping
 w - 3 scrolls of immolation
Potions
 e - 2 potions of brilliance
 v - 2 potions of flight
Comestibles
 f - 22 rations


   Skills:
 * Level 10.9 Fighting
 * Level 9.8 Staves
   Level 1.0 Crossbows
 - Level 1.0 Throwing
 * Level 6.9 Armour
 - Level 7.5 Dodging
 - Level 1.7 Stealth
 - Level 5.0 Conjurations
 - Level 7.2 Hexes
 * Level 3.8 Fire Magic
 - Level 1.0 Evocations


You had 4 spell levels left.
You knew the following spells:

 Your Spells              Type           Power        Failure   Level  Hunger
a - Confusing Touch       Hex            ###...       2%          1    ##.....
b - Apportation           Tloc           #.....       41%         1    ##.....
c - Blink                 Tloc           N/A          56%         2    ###....
d - Conjure Flame         Conj/Fire      ##......     22%         3    ####...

Your spell library contained the following spells:

 Spells                   Type           Power        Failure   Level  Hunger
 Slow                     Hex            ###.....     3%          2    ###....
 Magic Dart               Conj           ##..         6%          1    ##.....
 Flame Tongue             Conj/Fire      ##...        8%          1    ##.....
 Throw Flame              Conj/Fire      ##....       11%         2    ###....
 Inner Flame              Hex/Fire       ###.....     14%         3    ####...
 Animate Skeleton         Necr           N/A          41%         1    ##.....
 Sandblast                Erth           #.....       41%         1    ##.....
 Summon Small Mammal      Summ           #...         41%         1    ##.....
 Stone Arrow              Conj/Erth      #.....       43%         3    ####...
 Call Imp                 Summ           #.......     56%         2    ###....
 Passwall                 Tmut/Erth      #.......     56%         2    ###....
 Mephitic Cloud           Conj/Pois/Air  #.......     56%         3    ####...
 Sticky Flame             Conj/Fire      ##......     58%         4    #####..
 Petrify                  Tmut/Erth      #.......     99%         4    #####..
 Fireball                 Conj/Fire      ##........   90%         5    ######.
 Bolt of Magma            Conj/Fire/Erth #.........   98%         5    ######.
 Borgnjor's Vile Clutch   Necr/Erth      #.........   100%        5    ######.
 Lee's Rapid Deconstruct  Erth           #.........   100%        5    ######.
 Dragon's Call            Summ           #.........   100%        9    #######


Dungeon Overview and Level Annotations

Branches:
Dungeon (13/15)            Temple (0/1) D:5            Lair (0/6) D:8
    Orc (0/2) D:12         Bailey (visited)
 Vaults: D:13-14

Altars:
Elyvilon
Fedhas
Kikubaaqudgha
Nemelex Xobeh
Okawaru
Qazlal
Sif Muna
Uskayaw
Vehumet
Wu Jian
Yredelemnul
Zin
The Shining One

Annotations:
D:6 exclusion: oklob plant


Innate Abilities, Weirdness & Mutations

You have a pair of small horns on your head.
You are partially covered in molten scales. (AC +2)
You frequently emit foul miasma when damaged in melee.
You regenerate health from kills.
You are immune to rotting.


Message History

Unknown command.
Unknown command.
Okay, then.
You hit the large abomination but do no damage.
You headbutt the large abomination, but do no damage.
The large abomination is almost destroyed.
The demonic crawler hits you but does no damage. x3
The large abomination hits you but does no damage.
The red very ugly thing trunk-slaps you!
* * * LOW HITPOINT WARNING * * *
You are covered in liquid flames.
You are covered in liquid flames!
The red very ugly thing looks sick.
Unknown command.
Unknown command.
Unknown command.
You are more confused.
You feel invigorated.
You are covered in liquid flames!
You die...

# #. .. .# #.#
# # .
#..#.####...
#.. .. .
........ #
##.#.#.§ .)##
### # ......†..
..... #...# #
##.○☼.#..##) .
.
#..§#☼○G#u☼...#
. # . #
§☼☼s@#......#
.. .
#☼°#○X#○##.. ..
##. #§
#§§§G#.#...#.#
. ..
########### #.#
.#.. # . ... #
#.. ...


You could see a red very ugly thing, a great orb of eyes, a demonic crawler, a
glowing orange brain and a large abomination.

Vanquished Creatures
  Gastronok (D:8)
  Snorg (D:11)
  A hydra (D:12)
  Erolcha (D:11)
  Harold (D:10)
  Erica (D:11)
  A wizard (D:11)
  2 orc knights
  2 ugly things
  2 cyclopes (D:12)
  A guardian serpent (Abyss:2)
  Joseph (D:10)
  A gargoyle (D:10)
  2 smoke demons (Abyss:2)
  An ancient zyme (Abyss:2)
  2 trolls
  A blink frog (D:8)
  A hornet (D:11)
  2 raiju (Abyss:2)
  Prince Ribbit (D:8)
  4 hippogriffs
  Sigmund (D:3)
  2 wraiths (D:10)
  A black mamba zombie (Abyss:2)
  4 yaks
  A hog (D:10)
  2 hungry ghosts (D:12)
  A steam dragon (D:10)
  3 nagas (Abyss:2)
  2 water moccasins
  A small abomination (Abyss:2)
  3 ice beasts
  2 sky beasts
  7 orc warriors
  2 phantoms
  An eye of draining (D:10)
  3 boggarts (D:10)
  5 ogres
  5 centaurs
  A crocodile (D:8)
  3 big kobolds (D:12)
  8 bullfrogs
  3 scorpions
  20 killer bees
  5 wights (D:7)
  5 crimson imps
  3 bullfrog zombies
  3 howler monkeys (D:9)
  2 centaur zombies (D:10)
  A quasit (D:11)
  3 bullfrog skeletons
  2 hounds
  A centaur skeleton (D:4)
  10 orc priests
  8 worker ants
  3 iguanas
  11 orc wizards
  A killer bee zombie (D:8)
  8 ogre zombies (D:12)
  A hound zombie (D:9)
  2 worker ant zombies
  Robin (D:3)
  17 gnolls
  11 adders
  A shadow imp (D:9)
  An ufetubus (Abyss:2)
  2 oozes
  2 worms
  4 dart slugs
  7 leopard geckos
  31 orcs
  3 giant cockroaches
  14 goblins
  10 hobgoblins
  4 jackals (D:3)
  9 quokkas
  A ball python (D:4)
  6 bats
  3 frilled lizards
  A goblin skeleton (D:12)
  A goblin zombie (D:12)
  2 hobgoblin skeletons (D:12)
  4 hobgoblin zombies (D:12)
  29 kobolds
  17 orc zombies (D:12)
  A quokka skeleton (D:10)
  A quokka zombie (D:5)
  4 rats
367 creatures vanquished.

Notes
Turn   | Place    | Note
-------+----------+-------------------------------------------
     0 | D:1      | Amplified the Demonspawn Wanderer began the quest for the
                  | Orb.
     0 | D:1      | Amplified set off with the following items: a +2 dagger, 2
                  | curare-tipped darts, a +0 quarterstaff, a potion of curing,
                  | a +0 robe, a ration
     0 | D:1      | Reached XP level 1. HP: 16/16 MP: 1/1
   297 | D:1      | Gained mutation: You have a pair of small horns on your
                  | head. [demonic ancestry]
   297 | D:1      | Reached XP level 2. HP: 17/23 MP: 2/2
   978 | D:2      | Reached skill level 1 in Staves
   978 | D:2      | Gained mutation: You are immune to rotting. [demonic
                  | ancestry]
   978 | D:2      | Reached XP level 3. HP: 8/28 MP: 3/3
  1363 | D:2      | Reached skill level 3 in Fighting
  1458 | D:2      | Found a blossoming altar of Fedhas.
  1545 | D:2      | Gained mutation: You are partially covered in molten
                  | scales. (AC +2) [demonic ancestry]
  1545 | D:2      | Reached XP level 4. HP: 32/35 MP: 4/4
  1574 | D:2      | Found a faded altar of an unknown god.
  1576 | D:2      | Became a worshipper of the Wu Jian Council
  1576 | D:2      | Reached * piety under Wu Jian
  1856 | D:3      | Noticed Robin
  2051 | D:3      | Killed Robin
  2140 | D:3      | Gained mutation: You may emit foul miasma when damaged in
                  | melee. [demonic ancestry]
  2140 | D:3      | Reached XP level 5. HP: 31/41 MP: 3/5
  2178 | D:3      | Reached ** piety under Wu Jian
  2189 | D:3      | Noticed Sigmund
  2219 | D:3      | Killed Sigmund
  2219 | D:3      | Reached skill level 4 in Fighting
  2219 | D:3      | Reached XP level 6. HP: 48/48 MP: 6/6
  3248 | D:4      | Learned a level 1 spell: Confusing Touch
  3407 | D:4      | Got a faintly glowing ring mail
  3418 | D:4      | Identified the cursed +0 ring mail "Petourph" {Slay+6} (You
                  | found it on level 4 of the Dungeon)
  3459 | D:4      | Reached skill level 1 in Hexes
  3934 | D:5      | Entered Level 5 of the Dungeon
  4003 | D:5      | Noticed an ice beast
  4013 | D:5      | Gained mutation: You regenerate a little health from kills.
                  | [demonic ancestry]
  4013 | D:5      | Reached XP level 7. HP: 54/55 MP: 5/7
  4050 | D:5      | Reached skill level 5 in Armour
  4109 | D:5      | Reached skill level 5 in Fighting
  4406 | D:5      | Reached *** piety under Wu Jian
  4463 | D:5      | Found a staircase to the Ecumenical Temple.
  4496 | D:5      | Identified the Volume of Earth and Creation
  4670 | D:5      | Learned a level 1 spell: Apportation
  4726 | D:5      | Found a hide-covered altar of Uskayaw.
  4726 | D:5      | Found a glowing silver altar of Zin.
  4839 | D:5      | Learned a level 2 spell: Blink
  4901 | D:6      | Reached XP level 8. HP: 60/63 MP: 8/8
  4971 | D:6      | Found a glowing golden altar of the Shining One.
  4971 | D:6      | Noticed an oklob plant
  6041 | D:7      | Noticed a hippogriff
  6045 | D:7      | Reached skill level 6 in Fighting
  6045 | D:7      | Reached skill level 5 in Staves
  6053 | D:7      | Killed a hippogriff
  6190 | D:7      | Reached skill level 1 in Dodging
  6415 | D:7      | Found a shimmering blue altar of Sif Muna.
  6438 | D:7      | Learned a level 3 spell: Conjure Flame
  6582 | D:7      | Reached XP level 9. HP: 46/71 MP: 5/9
  6622 | D:7      | Found a sparkling altar of Nemelex Xobeh.
  6913 | D:8      | Found a staircase to the Lair.
  6921 | D:8      | Reached skill level 5 in Hexes
  6939 | D:8      | Reached skill level 7 in Fighting
  6977 | D:8      | Found a stormy altar of Qazlal.
  7029 | D:8      | Noticed Maurice
  7032 | D:8      | Noticed Maurice
  7032 | D:8      | Maurice changed into Maurice the sky beast
  7038 | D:8      | Killed Maurice the sky beast
  7081 | D:8      | Noticed Gastronok
  7091 | D:8      | Killed Gastronok
  7091 | D:8      | Reached skill level 8 in Fighting
  7091 | D:8      | Gained mutation: You regenerate health from kills. [demonic
                  | ancestry]
  7091 | D:8      | Reached XP level 10. HP: 80/80 MP: 10/10
  7154 | D:9      | Found a basalt altar of Yredelemnul.
  7154 | D:9      | Found a radiant altar of Vehumet.
  7154 | D:9      | Found a stormy altar of Qazlal.
  7179 | D:9      | Found a white marble altar of Elyvilon.
  7229 | D:9      | Reached **** piety under Wu Jian
  7648 | D:10     | Entered Level 10 of the Dungeon
  7750 | D:8      | Noticed Prince Ribbit
  7760 | D:8      | Reached skill level 5 in Dodging
  7763 | D:8      | Killed Prince Ribbit
  7921 | D:8      | Found an ornate altar of the Wu Jian Council.
  8270 | D:10     | Found an iron altar of Okawaru.
  8294 | D:10     | Reached skill level 1 in Conjurations
  8315 | D:10     | Noticed Joseph
  8355 | D:10     | Killed Joseph
  8355 | D:10     | Reached skill level 9 in Fighting
  8498 | D:10     | Found an ancient bone altar of Kikubaaqudgha.
  8511 | D:10     | Gained mutation: You frequently emit foul miasma when
                  | damaged in melee. [demonic ancestry]
  8511 | D:10     | Reached XP level 11. HP: 89/89 MP: 11/11
  8540 | D:10     | Reached ***** piety under Wu Jian
  8715 | D:10     | Noticed Harold
  8744 | D:10     | Killed Harold
  8951 | D:10     | Noticed Psyche
  8953 | D:10     | Noticed Psyche
  8953 | D:10     | Psyche changed into Psyche the hog
  8955 | D:10     | Killed Psyche the hog
  9111 | D:11     | Noticed a green ugly thing
  9124 | D:11     | Killed a green ugly thing
  9193 | D:11     | Noticed Erica
  9194 | D:11     | Noticed an orc knight
  9194 | D:11     | Noticed a +7 double sword
  9203 | D:11     | Noticed a wizard
  9208 | D:11     | Killed a wizard
  9214 | D:11     | Noticed a wizard
  9222 | D:11     | Killed Erica
  9434 | D:11     | Noticed Snorg
  9549 | D:12     | Found a flagged portal.
  9565 | Bailey   | Entered a bailey
  9656 | Bailey   | Got a transparent quarterstaff
  9659 | Bailey   | Identified the cursed +3 quarterstaff "Reompe" {venom,
                  | Str+4} (You found it in a bailey)
  9702 | Bailey   | Noticed an orc knight
  9713 | Bailey   | Killed an orc knight
  9780 | D:12     | Reached skill level 10 in Fighting
  9793 | D:12     | Found a staircase to the Orcish Mines.
  9864 | D:12     | Reached skill level 5 in Conjurations
  9993 | D:12     | Noticed a red ugly thing
 10001 | D:12     | Killed a red ugly thing
 10001 | D:12     | Reached skill level 1 in Fire Magic
 10616 | D:12     | Noticed a four-headed hydra
 10631 | D:12     | Killed a four-headed hydra
 10631 | D:12     | Reached XP level 12. HP: 58/98 MP: 7/12
 10823 | D:13     | Identified a scroll of acquirement
 10846 | D:11     | Paralysed by a hornet for 1 turns
 10862 | D:11     | Killed Snorg
 10963 | D:11     | Noticed Erolcha
 10970 | D:11     | Killed Erolcha
 11126 | D:11     | Cast into level 2 of the Abyss (a wizard)
 11380 | Abyss:2  | Noticed a great orb of eyes
 11382 | Abyss:2  | Noticed a red very ugly thing
 11384 | Abyss:2  | Incinerated by a red very ugly thing

Levels and vault maps discovered:
D:1:      wander_arrival_chamber, layout_loops_ring, serial_park_tiny_1,
          serial_bayou_pond_a, minmay_misc_feat_square
D:2:      layout_rooms, nicolae_overflow_hidden_temple,
          chequers_ecumenical_altar_twisty, nrook_uturn
D:3:      layout_loops_ring, serial_glass, glass_columns_a, glass_columns_a,
          uniq_sigmund, uniq_robin
D:4:      layout_loops_cross
D:5:      layout_loops_ring, gammafunk_temple_overflow_wave,
          minmay_temple_entry_proselytizer, first_ration,
          kennysheep_generic_room_10
D:6:      layout_loops_corners, lemuel_oklob_altar
D:7:      layout_basic, lemuel_crystal_altar, serial_glass, glass_columns_b,
          glass_columns_b, grunt_ogre_cave, nemelex_dance_club_becter
D:8:      layout_gridville, lemuel_crystal_altar, david_lair_generic,
          basic_altar, uniq_maurice, uniq_gastronok, uniq_prince_ribbit1
D:9:      layout_rooms, kennysheep_mini_moat,
          chequers_temple_overflow_statue_of_worship
D:10:     layout_long_grid, basic_altar, okawaru_metal_pillars_1_2, uniq_joseph,
          uniq_harold, uniq_psyche
D:11:     layout_stronghold, kennysheep_pointless_box, sword_in_stone,
          uniq_erica, uniq_erolcha, uniq_snorg
D:12:     minmay_goldmine, layout_gridville, zombieorc2_lemuel, enter_bailey_2,
          st_stairs_4
D:13:     layout_basic, david_vaults_5, gammafunk_ghost_stat_death,
          serial_bayou_pond_c, uniq_urug
Abyss:2:  base: D:2, evilmike_abyss_exit_4

Skill      XL: |  1  2  3  4  5  6  7  8  9 10 11 12 |
---------------+-------------------------------------+-----
Armour         | 3 4 5 6 |  6.9
Staves         | 1 2 3 4 5 7 9 |  9.8
Fighting       | 3 4 5 6 8 9 10 | 10.9
Hexes          | 1 3 4 6 7 |  7.2
Dodging        | 1 4 5 7 |  7.5
Conjurations   | 2 5 |  5.0
Fire Magic     | 1 3 |  3.8
Crossbows      | |  1.0
Throwing       | |  1.0
Stealth        | |  1.7
Evocations     | |  1.0

Action                   |  1- 3 |  4- 6 |  7- 9 | 10-12 || total
-------------------------+-------+-------+-------+-------++-------
Melee: Quarterstaff      |    69 |   138 |   221 |   669 ||  1097
       Dagger            |    11 |       |       |       ||    11
       Headbutt          |    10 |    15 |    35 |   139 ||   199
Throw: Dart              |     2 |     3 |     3 |     5 ||    13
       Throwing net      |     1 |       |       |       ||     1
Invok: Lunge             |       |     5 |    19 |    37 ||    61
       Whirlwind         |       |     1 |       |    14 ||    15
       Serpent's Lash    |       |       |     2 |     4 ||     6
       Heavenly Storm    |       |       |       |     2 ||     2
 Abil: Wall Jump         |       |     1 |       |     2 ||     3
Evoke: Wand              |       |    11 |     7 |    11 ||    29
  Use: Scroll            |     6 |     6 |     6 |    14 ||    32
       Potion            |     1 |     5 |     4 |     9 ||    19
 Stab: Sleeping          |     2 |     1 |       |       ||     3
       Invisible         |     1 |       |       |       ||     1
  Eat: Chunk             |     2 |     4 |    10 |    16 ||    32
       Ration            |       |     1 |       |       ||     1
Armor: Robe              |    23 |    33 |       |       ||    56
       Ring mail         |       |     8 |    93 |   175 ||   276
Dodge: Dodged            |    56 |    88 |   119 |   682 ||   945
